 Dungeon Crawl Stone Soup version 0.30-a0-364-gf6b3ef1049 (webtiles) character file.

Game seed: 6586255454278888218

1150 kingsuperguy the Chopper (level 8, -12/67 HPs)
             Began as a Gnoll Cinder Acolyte on Nov 14, 2022.
             Was an Initiate of Gozag.
             Mangled by a fire elemental (13 damage)
             ... created by the fiery vengeance of Ignis
             ... on level 5 of the Dungeon on Nov 15, 2022.
             The game lasted 00:25:04 (7749 turns).

kingsuperguy the Chopper (Gnoll Cinder Acolyte)     Turns: 7749, Time: 00:25:07

Health: -12/67     AC:  9    Str: 16    XL:     8   Next: 38%
Magic:  14/14      EV: 10    Int: 13    God:    Gozag
Gold:   196        SH:  0    Dex: 14    Spells: 15/15 levels left

rFire   . . .      SeeInvis .    A - +8 whip "Dizxepot" {flame, rC+ Dex+6}
rCold   + . .      Faith    .    h - orb {guile}
rNeg    . . .      Spirit   .    r - +0 scale mail
rPois   .          Reflect  .    v - +0 helmet
rElec   .          Harm     .    (no cloak)
rCorr   .          Rampage  .    (no gloves)
Will    .....                    l - +0 pair of boots
Stlth   +.........               (no amulet)
HPRegen 0.31/turn                (no ring)
MPRegen 0.14/turn                (no ring)

@: brilliant, fire susceptible
A: fangs 1, strong nose, distributed training
a: Renounce Religion, Potion Petition, Call Merchant, Bribe Branch


You were on level 5 of the Dungeon.
You worshipped Gozag.
Gozag was aware of your devotion.
You visited 2 branches of the dungeon, and saw 7 of its levels.

You collected 274 gold pieces.
You paid 78 gold pieces to Gozag.

Inventory:

Hand Weapons
 a - the +10 hand axe "Daib" {holy, rCorr Stlth+}
   (You found it on level 5 of the Dungeon)

   It has been blessed by the Shining One to cause great damage to the undead
   and demons.
   rCorr:     It protects you from acid and corrosion.
   Stlth:     It makes you more stealthy.
 d - the +2 falchion of Qazlal's Delight {antimagic, rF+ Str+3}
   (You found it on level 6 of the Dungeon)

   It reduces the magical energy of the wielder, and disrupts the spells and
   magical abilities of those it strikes.
   Natural abilities and divine invocations are not affected.
   Str:       It affects your strength (+3).
   rF:        It protects you from fire.
 p - the +9 hammer of Pestilence {antimagic, Will++ Str-2 Dex+2}
   (You found it on level 2 of the Dungeon)

   It reduces the magical energy of the wielder, and disrupts the spells and
   magical abilities of those it strikes.
   Natural abilities and divine invocations are not affected.
   Str:       It affects your strength (-2).
   Dex:       It affects your dexterity (+2).
   Will:      It greatly increases your willpower.
 y - a +4 vorpal hammer
 A - the +8 whip "Dizxepot" (weapon) {flame, rC+ Dex+6}
   (You found it on level 5 of the Dungeon)

   It burns those it strikes, dealing additional fire damage.
   Dex:       It affects your dexterity (+6).
   rC:        It protects you from cold.
 I - a +0 shortbow
 P - a +4 dagger of venom
 V - a +0 sling
 X - a +1 mace of protection
Missiles
 i - 5 boomerangs (quivered)
 q - 45 stones
 B - 4 poisoned darts
Armour
 b - a +0 robe
 h - an orb of guile (worn)
 l - a +0 pair of boots (worn)
 r - a +0 scale mail (worn)
 u - a +0 animal skin
 v - a +0 helmet (worn)
 E - a +0 cloak
 K - a +0 leather armour
 N - a +2 hat
 Q - a +0 chain mail
Magical Staves
 f - a staff of death
 R - a staff of conjuration
Jewellery
 H - an amulet of reflection
 W - a ring of see invisible
 Z - a +6 ring of strength
Scrolls
 c - 3 scrolls of teleportation
 e - 2 scrolls of identify
 s - a scroll of brand weapon
 t - a scroll of amnesia {unknown}
 w - 3 scrolls of enchant armour
 C - a scroll of fog
 F - a scroll of poison
 J - a scroll of immolation {unknown}
 L - a scroll of fear
 M - a scroll of vulnerability {unknown}
 U - a scroll of magic mapping
 Y - a scroll of enchant weapon {unknown}
Potions
 g - 2 potions of might {unknown}
 j - 2 potions of flight {unknown}
 k - a potion of brilliance
 n - 2 potions of attraction {unknown}
 o - 2 potions of mutation {unknown}
 x - a potion of magic {unknown}
 z - a potion of ambrosia {unknown}
 D - a potion of cancellation {unknown}
 G - 2 potions of invisibility {unknown}
 O - 7 potions of curing {unknown}
 S - 2 potions of heal wounds {unknown}
 T - a potion of berserk rage {unknown}


   Skills:
 + Level 7.4 Fighting
 + Level 3.3 Short Blades
 + Level 3.3 Long Blades
 + Level 7.4 Axes
 + Level 3.3 Maces & Flails
 + Level 3.3 Polearms
 + Level 3.3 Staves
 + Level 3.3 Ranged Weapons
 + Level 3.3 Throwing
 + Level 3.3 Armour
 + Level 3.3 Dodging
 + Level 3.3 Stealth
 + Level 3.3 Shields
 + Level 3.3 Unarmed Combat
 + Level 4.4 Spellcasting
 + Level 2.7 Conjurations
 + Level 2.7 Hexes
 + Level 2.7 Summonings
 + Level 2.7 Necromancy
 + Level 2.7 Translocations
 + Level 2.7 Transmutations
 + Level 6.1 Fire Magic
 + Level 2.7 Ice Magic
 + Level 2.7 Air Magic
 + Level 2.7 Earth Magic
 + Level 2.7 Poison Magic
 + Level 3.7 Invocations
 + Level 3.3 Evocations


You had 15 spell levels left.
You didn't know any spells.
Your spell library contained the following spells:

 Spells                   Type           Power      Damage    Failure   Level
 Scorch                   Fire           56%        2d8       9%          2
 Ensorcelled Hibernation  Hex/Ice        30%        N/A       34%         2
 Gell's Gravitas          Tloc           15%        N/A       56%         3
 Lesser Beckoning         Tloc           30%        N/A       56%         3
 Portal Projectile        Hex/Tloc       30%        N/A       56%         3
 Spider Form              Tmut/Pois      15%        N/A       56%         3
 Teleport Other           Tloc           15%        N/A       56%         3
 Tukima's Dance           Hex            15%        N/A       56%         3
 Anguish                  Hex/Necr       7%         N/A       92%         4
 Blade Hands              Tmut           7%         N/A       99%         5
 Conjure Ball Lightning   Conj/Air       7%         3x3d6     100%        6
 Discord                  Hex            7%         N/A       100%        8
 Disjunction              Tloc           7%         N/A       100%        8


Dungeon Overview and Level Annotations

Branches:
Dungeon (6/15)             Temple (1/1) D:6

Altars:
Ashenzari
Elyvilon
Fedhas
Gozag
Kikubaaqudgha
Makhleb
Nemelex Xobeh
Qazlal
Ru
Sif Muna
Trog
Vehumet
Wu Jian
Xom
Yredelemnul
Zin

Shops:
D:3 =

Annotations:
D:3 Grinder
D:6 Pikel


Innate Abilities, Weirdness & Mutations

You have very sharp teeth.
Your uncanny sense of smell can sniff out nearby items.
Your experience applies equally to all skills.


Message History

The fire elemental barely misses you.
You barely miss the fire elemental.
The fire elemental is severely damaged.
The fire elemental misses you.
You closely miss the fire elemental.
The fire elemental is severely damaged.
The fire elemental hits you. The fire elemental burns you!
The fire elemental hits you. The fire elemental burns you!
You hit the fire elemental.
The fire elemental is almost destroyed.
The fire elemental barely misses you.
You hit the fire elemental.
You destroy the fire elemental!
That felt strangely unrewarding.
You whack the fire elemental!
The fire elemental is moderately damaged.
The fire elemental hits you. The fire elemental burns you!
You hit the fire elemental.
The fire elemental is moderately damaged.
The fire elemental hits you. The fire elemental burns you!
The fire elemental hits you. The fire elemental burns you!
* * * LOW HITPOINT WARNING * * *
You hit the fire elemental.
You bite the fire elemental, but do no damage.
The fire elemental is heavily damaged.
The fire elemental closely misses you.
You whack the fire elemental! Your bite misses the fire elemental.
The fire elemental is severely damaged.
The fire elemental barely misses you.
You whack the fire elemental!
The fire elemental is almost destroyed.
The fire elemental hits you. The fire elemental burns you!
* * * LOW HITPOINT WARNING * * *
It was a potion of brilliance.
You feel clever all of a sudden. The fire elemental hits you.
The fire elemental burns you!
* * * LOW HITPOINT WARNING * * *
The fire elemental hits you. The fire elemental burns you!
You die...
Your body crumbles into a pile of gold.

### ##.## ########### ##.#.####
#.........# ##.###....
#.#######.# #.## ##.#. #.# #.#
###.###.... #####.#######.#
#....#..... #.....[....##.#
#.##...#... #.#.....##..[@#
#.###.###..
#.........>.#E######.##..##...
#.......###.#..°.....#.#.##...
#.......# #.......)...###.....
####..##.#######.#.######.#.###..
......##............## ##.## ##.
#####................## #.# ##
#..##...###...##..# #.# #
#.###.#.#.#.#.###.# #.#


You could see a fire elemental.

Vanquished Creatures
  A fire elemental (D:5)
  A water moccasin (D:4)
  2 orc warriors (D:6)
  An ice beast (D:5)
  A phantom (D:6)
  A lemure (D:6)
  A bullfrog (D:6)
  3 necrophages
  A wight (D:5)
  3 hounds (D:5)
  An orc priest (D:6)
  Crazy Yiuf (D:2)
  2 iguanas
  An orc wizard (D:6)
  Robin (D:2)
  A gnoll (D:1)
  An adder (D:2)
  A shadow imp (D:5)
  2 white imps
  2 dart slugs (D:5)
  15 orcs
  9 bats
  9 endoplasms
  3 giant cockroaches
  9 goblins
  9 hobgoblins
  5 jackals
  4 kobolds
  5 quokkas
  3 ball pythons
  3 frilled lizards
  3 rats
105 creatures vanquished.

Vanquished Creatures (others)
  3 fungi (D:2)
  4 plants (D:1)
  4 toadstools (D:1)
11 creatures vanquished.

Grand Total: 116 creatures vanquished

Notes
Turn   | Place    | Note
-------+----------+-------------------------------------------
     0 | D:1      | kingsuperguy the Gnoll Cinder Acolyte began the quest for
                  | the Orb.
     0 | D:1      | Reached XP level 1. HP: 23/23 MP: 4/4
   269 | D:1      | Reached XP level 2. HP: 28/29 MP: 5/5
   552 | D:1      | Reached XP level 3. HP: 32/35 MP: 7/7
   858 | D:1      | Reached skill level 1 in Invocations
  1347 | D:2      | Reached skill level 1 in Short Blades
  1347 | D:2      | Reached skill level 1 in Long Blades
  1347 | D:2      | Reached skill level 1 in Maces & Flails
  1347 | D:2      | Reached skill level 1 in Polearms
  1347 | D:2      | Reached skill level 1 in Staves
  1347 | D:2      | Reached skill level 1 in Ranged Weapons
  1347 | D:2      | Reached skill level 1 in Throwing
  1347 | D:2      | Reached skill level 1 in Armour
  1347 | D:2      | Reached skill level 1 in Dodging
  1347 | D:2      | Reached skill level 1 in Stealth
  1347 | D:2      | Reached skill level 1 in Shields
  1347 | D:2      | Reached skill level 1 in Unarmed Combat
  1347 | D:2      | Reached skill level 1 in Evocations
  1467 | D:2      | Noticed Robin
  1657 | D:2      | Killed Robin
  1658 | D:2      | Reached XP level 4. HP: 39/41 MP: 8/8
  2017 | D:2      | Found a runed translucent door.
  2028 | D:2      | Noticed Crazy Yiuf
  2038 | D:2      | Identified the +9 hammer of Pestilence {antimagic, Will++
                  | Str-2 Dex+2}
  2069 | D:2      | Killed Crazy Yiuf
  2070 | D:2      | Reached skill level 1 in Conjurations
  2070 | D:2      | Reached skill level 1 in Hexes
  2070 | D:2      | Reached skill level 1 in Summonings
  2070 | D:2      | Reached skill level 1 in Necromancy
  2070 | D:2      | Reached skill level 1 in Translocations
  2070 | D:2      | Reached skill level 1 in Transmutations
  2070 | D:2      | Reached skill level 1 in Ice Magic
  2070 | D:2      | Reached skill level 1 in Air Magic
  2070 | D:2      | Reached skill level 1 in Earth Magic
  2070 | D:2      | Reached skill level 1 in Poison Magic
  2079 | D:2      | HP: 2/41 [poisoned by Crazy Yiuf]
  2439 | D:2      | Reached XP level 5. HP: 40/47 MP: 3/9
  2884 | D:3      | Found Yhayl's One-of-a-Kind Rings.
  3500 | D:3      | Noticed Grinder
  4450 | D:3      | Found a bloodstained altar of Trog.
  4588 | D:5      | Entered Level 5 of the Dungeon
  4590 | D:5      | Identified the +8 whip "Dizxepot" {flame, rC+ Dex+6}
  4704 | D:5      | Reached XP level 6. HP: 40/53 MP: 9/11
  4910 | D:5      | Identified the +10 hand axe "Daib" {holy, rCorr Stlth+}
  5352 | D:5      | Noticed a water moccasin
  5372 | D:4      | Killed a water moccasin
  5373 | D:4      | Reached XP level 7. HP: 21/60 MP: 12/12
  6073 | D:6      | Identified the +2 falchion of Qazlal's Delight {antimagic,
                  | rF+ Str+3}
  6241 | D:6      | Reached XP level 8. HP: 64/67 MP: 14/14
  6245 | D:6      | Noticed Pikel
  6769 | D:6      | Found a staircase to the Ecumenical Temple.
  6775 | Temple   | Entered the Ecumenical Temple
  7118 | Temple   | Fell from the grace of Ignis
  7118 | Temple   | Became a worshipper of Gozag Ym Sagoz the Greedy
  7749 | D:5      | HP: 1/67 [fire elemental[the fiery vengeance of Ignis]
                  | (11)]
  7749 | D:5      | Mangled by a fire elemental

Illustrated notes

Levels and vault maps discovered:
D:1:      ldierk_walled_garden_2, layout_basic, minmay_door_square,
          minmay_pentomino_z4
D:2:      layout_basic, grunt_ministairs_6, uniq_crazy_yiuf_cottage, uniq_robin
D:3:      layout_basic, mainiacjoe_overflow_alcove_2, nicolae_shop_unique_rings,
          uniq_grinder
D:4:      layout_rooms
D:5:      layout_loops_ring, minmay_starry_boxes
D:6:      layout_gridville, minmay_temple_entry_enclosed_plants, uniq_pikel
Temple:   regret_index_temple_waves

Skill      XL: |  1  2  3  4  5  6  7 |
---------------+----------------------+-----
Invocations    | 1 2 3 |  3.7
Short Blades   | 1 2 3 |  3.3
Long Blades    | 1 2 3 |  3.3
Maces & Flails | 1 2 3 |  3.3
Polearms       | 1 2 3 |  3.3
Staves         | 1 2 3 |  3.3
Ranged Weapons | 1 2 3 |  3.3
Throwing       | 1 2 3 |  3.3
Armour         | 1 2 3 |  3.3
Dodging        | 1 2 3 |  3.3
Stealth        | 1 2 3 |  3.3
Shields        | 1 2 3 |  3.3
Unarmed Combat | 1 2 3 |  3.3
Evocations     | 1 2 3 |  3.3
Spellcasting   | 3 4 |  4.4
Conjurations   | 1 2 |  2.7
Hexes          | 1 2 |  2.7
Summonings     | 1 2 |  2.7
Necromancy     | 1 2 |  2.7
Translocations | 1 2 |  2.7
Transmutations | 1 2 |  2.7
Ice Magic      | 1 2 |  2.7
Air Magic      | 1 2 |  2.7
Earth Magic    | 1 2 |  2.7
Poison Magic   | 1 2 |  2.7
Fighting       | 7 |  7.4
Axes           | 7 |  7.4
Fire Magic     | 6 |  6.1

Action                   |  1- 3 |  4- 6 |  7- 9 || total
-------------------------+-------+-------+-------++-------
Melee: Mace              |   101 |    70 |       ||   171
       Hand axe          |     7 |       |       ||     7
       Bite              |     8 |    14 |    11 ||    33
       Whip              |       |    48 |   109 ||   157
Throw: Boomerang         |       |       |     9 ||     9
Invok: Fiery Armour      |       |     2 |       ||     2
  Use: Scroll            |     3 |     1 |    10 ||    14
       Potion            |       |       |     3 ||     3
 Stab: Sleeping          |       |     1 |       ||     1
Armor: Robe              |    66 |     1 |       ||    67
       Animal skin       |       |    16 |       ||    16
       Leather armour    |       |    13 |       ||    13
       Chain mail        |       |    42 |       ||    42
       Scale mail        |       |     5 |    43 ||    48
Dodge: Dodged            |   122 |    84 |    67 ||   273

Table legend: (Time is in decaauts)
 A = Elapsed time spent in this place.
 B = Non-inter-level travel time spent in this place.
 C = Inter-level travel time spent in this place.
 D = Time resting spent in this place.
 E = Time spent auto-exploring this place.
 F = Levels seen in this place.
 G = Mean time per level.
                   A        B        C        D        E       F      G
               +--------+--------+--------+--------+--------+-----+--------+
         Total |   7787 |   6851 |    936 |   1484 |   3297 |   7 | 1112.4 |
       Dungeon |   7413 |   6685 |    728 |   1484 |   3277 |   6 | 1235.5 |
        Temple |    374 |    166 |    208 |      0 |     20 |   1 |  374.0 |
               +--------+--------+--------+--------+--------+-----+--------+

Top non-repeatable levels by time:
     D:2: 1737 daAuts
     D:5: 1345 daAuts
     D:6: 1229 daAuts
     D:1: 1186 daAuts
     D:3: 1055 daAuts
     D:4: 860 daAuts
  Temple: 374 daAuts
